 Dungeon Crawl Stone Soup version 0.30-a0-368-g86fb4627a9 (webtiles) character file.

Game seed: 11270793348473419662

161 HolyTactitian the Insei (level 5, -2/40 HPs)
             Began as a Draconian Transmuter on Nov 18, 2022.
             Killed from afar by Sigmund (20 damage)
             ... with a bolt of dispelling energy
             ... on level 3 of the Dungeon.
             The game lasted 00:20:33 (2271 turns).

HolyTactitian the Insei (Draconian Transmuter)      Turns: 2271, Time: 00:20:40

Health: -2/40      AC:  5    Str: 12    XL:     5   Next: 19%
Magic:  6/9        EV: 12    Int: 15    God:
Gold:   74         SH:  0    Dex: 12    Spells: 5/10 levels left

rFire   . . .      SeeInvis .      - Unarmed
rCold   . . .      Faith    .    (no shield)
rNeg    . . .      Spirit   .    (body armour unavailable)
rPois   .          Reflect  .    (helmet restricted)
rElec   .          Harm     .    (no cloak)
rCorr   .          Rampage  .    (no gloves)
Will    ++...                    (no boots)
Stlth   +.........               (no amulet)
HPRegen 0.26/turn                l - ring of the Shrinking Gods {Wiz Will++}
MPRegen 0.11/turn                (no ring)

@: no status effects
A: AC +5, unfitting armour, cold-blooded
a: no special abilities


You were on level 3 of the Dungeon.
You visited 1 branch of the dungeon, and saw 3 of its levels.

You collected 74 gold pieces.

Inventory:

Missiles
 b - 4 poisoned darts
Armour
 d - a +2 helmet
Magical Staves
 s - a staff of air
Jewellery
 l - the ring of the Shrinking Gods (left hand) {Wiz Will++}
   (You found it on level 2 of the Dungeon)

   [ring of wizardry]

   It improves your spell success rate.
   Will:      It greatly increases your willpower.
 r - a ring of see invisible
Scrolls
 e - 2 scrolls of enchant armour {unknown}
 f - a scroll of teleportation {unknown}
 h - a scroll of identify {unknown}
 j - a scroll of poison {unknown}
 m - 2 scrolls of immolation {unknown}
 n - a scroll of enchant weapon {unknown}
 o - 2 scrolls of amnesia {unknown}
 q - a scroll of fear {unknown}
Potions
 a - 2 potions of lignification
 c - a potion of brilliance {unknown}
 g - 2 potions of degeneration {unknown}
 i - 2 potions of curing {unknown}
 k - a potion of cancellation {unknown}
 p - 2 potions of magic {unknown}


   Skills:
 + Level 1.2 Fighting
 + Level 2.5 Dodging
 + Level 0.3 Stealth
 + Level 4.4 Unarmed Combat
 + Level 3.1 Spellcasting
 + Level 0.5 Translocations
 + Level 2.3 Transmutations


You had 5 spell levels left.
You knew the following spells:

 Your Spells              Type           Power      Damage    Failure   Level
a - Beastly Appendage     Tmut           18%        N/A       3%          1
b - Necrotise             Necr           8%         1d4       8%          1
c - Wereblood             Tmut           9%         N/A       4%          2
d - Apportation           Tloc           8%         N/A       6%          1

Your spell library contained the following spells:

 Spells                   Type           Power      Damage    Failure   Level
 Passwall                 Tmut/Erth      4%         N/A       8%          2
 Summon Small Mammal      Summ           8%         N/A       9%          1
 Ensorcelled Hibernation  Hex/Ice        4%         N/A       12%         2
 Spider Form              Tmut/Pois      5%         N/A       16%         3
 Swiftness                Air            2%         N/A       24%         3
 Ice Form                 Ice/Tmut       5%         N/A       43%         4


Dungeon Overview and Level Annotations

Branches:
Dungeon (3/15)

Altars:
Fedhas
Makhleb

Shops:
D:2 (

Annotations:
D:3 Sigmund


Innate Abilities, Weirdness & Mutations

Your plain brown scales are hard. (AC +5)
You cannot fit into any form of body armour.
You are cold-blooded and may be slowed by cold attacks.


Message History

A kobold comes into view. It is wielding a +0 dagger.
The kobold shouts!
Found a scroll labelled WULOFA GARUCH.
Found a blossoming altar of Fedhas.
The kobold throws a stone.
The stone closely misses you.
Found a stone staircase leading down.
You hit the kobold.
You kill the kobold!
Sigmund and an orc come into view.
Sigmund is wielding a +0 scythe and carrying a wand of quicksilver (4).
Sigmund shouts!
Sigmund zaps a wand.
The bolt of dispelling energy hits you!
Things that are here:
a +0 dagger; 5 stones; a kobold corpse
Found a stone staircase leading down.
Casting: Beastly Appendage (safe; 3% risk of failure)
Press: ? - help, Q - select action, (/) - cycle Dir - look around, f - activate You grow a pair of large bovine horns.
Your feet morph into talons.
Sigmund mumbles some strange words.
Sigmund flickers and vanishes!
Deactivating autopickup; reactivate with Ctrl-A.
Casting: Wereblood (safe; 4% risk of failure)
Press: ? - help, Q - select action, (/) - cycle Dir - look around, f - activate Your blood is infused with primal strength.
Things that are here:
a +0 dagger; 5 stones; a kobold corpse You hear a zap.
A bolt of dispelling energy appears from out of thin air!
The bolt of dispelling energy misses you.
You hear a zap.
A bolt of dispelling energy appears from out of thin air!
The bolt of dispelling energy hits you!
Your magical effects are unravelling.
The orc barely misses you.
You hit something.
Your horns disappear.
Your talons disappear.
Your primal bloodlust has ended.
You hear a zap.
A bolt of dispelling energy appears from out of thin air!
The bolt of dispelling energy hits you!!
Ouch! That really hurt!
You die...

.....# ?PP..#
###P.PPP# ###..PP_PP#
#.....PP.P#
#.....PPP.# ###
####....# .# ..#
##.....).##..###
#.####
#..##...@{......
.....#
#.###....o#..###
#.##.# #.# #.....# .#
#.##.####.# #.......
.. #..#....#.#
#####..#. ..
##........#####......>
.
#####................
##.).)...........###.#
...)##.......##......


You could see an orc.

Vanquished Creatures
  Jessica (D:2)
  Robin (D:3)
  4 gnolls (D:3)
  An adder (D:2)
  3 dart slugs
  5 endoplasms
  4 giant cockroaches
  9 goblins
  9 hobgoblins
  3 jackals (D:1)
  7 kobolds
  2 quokkas (D:3)
  7 ball pythons
  7 bats
  2 frilled lizards
  2 rats
  2 bushes (D:2)
69 creatures vanquished.

Vanquished Creatures (others)
  4 plants (D:2)
4 creatures vanquished.

Grand Total: 73 creatures vanquished

Notes
Turn   | Place    | Note
-------+----------+-------------------------------------------
     0 | D:1      | HolyTactitian the Draconian Transmuter began the quest for
                  | the Orb.
     0 | D:1      | Reached XP level 1. HP: 16/16 MP: 3/3
    64 | D:1      | Found a faded altar of an unknown god.
    76 | D:1      | Got Plato's Folio of Despicable Magicks
   168 | D:1      | Reached XP level 2. HP: 22/23 MP: 3/5
   170 | D:1      | Learned a level 1 spell: Necrotise
   761 | D:2      | Found Exoa's Antique Weapon Boutique.
   812 | D:2      | Identified the ring of the Shrinking Gods {Wiz Will++}
   818 | D:2      | Learned a level 2 spell: Wereblood
   846 | D:2      | Reached XP level 3. HP: 28/28 MP: 6/6
   859 | D:2      | Noticed Jessica
   881 | D:2      | Killed Jessica
  1869 | D:2      | Reached XP level 4. HP: 32/35 MP: 5/8
  1907 | D:3      | Noticed Robin
  1928 | D:3      | Killed Robin
  1961 | D:3      | Learned a level 1 spell: Apportation
  1980 | D:3      | Found a burning altar of Makhleb.
  2000 | D:3      | Reached skill level 4 in Unarmed Combat
  2154 | D:3      | Reached XP level 5. HP: 30/40 MP: 6/9
  2260 | D:3      | Found a blossoming altar of Fedhas.
  2264 | D:3      | Noticed Sigmund
  2271 | D:3      | Killed from afar by Sigmund

Illustrated notes

Levels and vault maps discovered:
D:1:      dpeg_arrival_arbitrary_a, layout_loops_ring,
          shapermc_ecumenical_altar_rom_forum
D:2:      layout_loops_ring, serial_shops, shop, serial_forest,
          infiniplex_forest_lined_room_3, infiniplex_forest_corner_1,
          infiniplex_forest_clump_curved, infiniplex_forest_corner_1,
          infiniplex_forest_end_2, infiniplex_forest_straight_3,
          infiniplex_forest_fountain, infiniplex_forest_diagonal, uniq_jessica
D:3:      layout_rooms, fedhas_altar_3, mainiacjoe_overflow_big_doors,
          mainiacjoe_overflow_alcove_4, st_stairs_10, uniq_robin, uniq_sigmund

Skill      XL: |  1  2  3  4 |
---------------+-------------+-----
Dodging        | 2 |  2.5
Spellcasting   | 3 |  3.1
Unarmed Combat | 4 |  4.4
Fighting       | |  1.2
Stealth        | |  0.3
Translocations | |  0.5
Transmutations | |  2.3

Action                   |  1- 3 |  4- 6 || total
-------------------------+-------+-------++-------
Melee: Unarmed           |   391 |    67 ||   458
       Headbutt          |     7 |     5 ||    12
       Kick              |    13 |     7 ||    20
       Tailslap          |    99 |    10 ||   109
       Punch             |    21 |     2 ||    23
 Cast: Beastly Appendage |    17 |     4 ||    21
       Wereblood         |     2 |     4 ||     6
       Necrotise         |     2 |       ||     2
       Apportation       |       |     1 ||     1
Armor: Skin              |    49 |    23 ||    72
Dodge: Dodged            |    63 |    45 ||   108

Table legend: (Time is in decaauts)
 A = Elapsed time spent in this place.
 B = Non-inter-level travel time spent in this place.
 C = Inter-level travel time spent in this place.
 D = Time resting spent in this place.
 E = Time spent auto-exploring this place.
 F = Levels seen in this place.
 G = Mean time per level.
                   A        B        C        D        E       F      G
               +--------+--------+--------+--------+--------+-----+--------+
         Total |   2239 |   1895 |    344 |     84 |      0 |   3 |  746.3 |
       Dungeon |   2239 |   1895 |    344 |     84 |      0 |   3 |  746.3 |
               +--------+--------+--------+--------+--------+-----+--------+

Top non-repeatable levels by time:
     D:2: 1127 daAuts
     D:1: 737 daAuts
     D:3: 374 daAuts
